AoeStats
← E-d-d-i-e91G

Migration

509016017Analyzed
1v1 RM · 8d ago on Sep 25, 2026· 44m 3s· 2 players
Game mode
Random Map
Map size
132×132
Population
200
Speed
Normal
Resources
Standard
Victory
Conquest
Starting age
Dark Age
Ending age
Imperial Age
RankedLock teamsTeams togetherTeam positionsShared explorationLock speedFull tech treeHidden civsTurbo modeCheats
Victory
Defeat
🇺🇸 Wei · United States
1010
+18
🇦🇺 Wu · Australia
1048
-53
duckiesforever
13:28 Feudal Age
13:58 Double-Bit Axe
15:27 Fishing Lines
19:47 Castle Age
19:20 Stone Mining
19:51 Horse Collar
21:12 Loom
22:07 Stone Shaft Mining
21:40 Heavy Plow
22:25 Gold Mining
23:27 Wheelbarrow
23:36 Wheelbarrow
25:53 Bow Saw
27:00 Hand Cart
27:24 Gold Shaft Mining
31:29 Husbandry
31:42 Bloodlines
31:43 Scale Barding Armor
31:48 Forging
32:07 Tuntian
32:53 Squires
32:14 Pikeman
33:35 Chain Barding Armor
33:51 Iron Casting
33:09 Fletching
33:37 Town Watch
34:13 Gillnets
37:05 Imperial Age
35:30 Bodkin Arrow
35:37 Padded Archer Armor
35:38 Scale Mail Armor
37:00 Medium Warships
38:05 Bracer
39:06 Blast Furnace
39:12 Blast Furnace
37:37 Heavy Hei Guang Cavalry
38:49 Conscription
38:58 Ming Guang Armor
39:35 Crop Rotation
39:49 Heavy Warships
39:57 Ballistics
39:50 Careening
39:54 Clinker Construction
41:53 Town Patrol
E-d-d-i-e91G
11:26 Feudal Age
12:04 Loom
15:42 Wheelbarrow
14:54 Town Watch
15:05 Horse Collar
16:14 Double-Bit Axe
18:04 Fishing Lines
26:17 Gold Mining
26:19 Stone Mining
26:12 Man-at-Arms
29:32 Castle Age
30:37 Hand Cart
30:24 Town Patrol
30:11 Long Swordsman
31:04 Squires
30:51 Arson
30:29 Pikeman
31:35 Gillnets
32:40 Bow Saw
32:38 Heavy Plow
33:19 Gold Shaft Mining
33:21 Stone Shaft Mining
40:08 Medium Warships
Connection lost

Rejoining the realm…

Still unreachable

The connection could not be restored.

Session expired

The server has moved on; the page needs a fresh start.